 Dungeon Crawl Stone Soup version 0.29.1-1-gd02db6906a (webtiles) character file.

Game seed: 9185675838874651317

226 brightshaft the Magician (level 6, -1/44 HPs)
             Began as a Gnoll Hedge Wizard on Sept 18, 2022.
             Was a Follower of Vehumet.
             Slain by an ufetubus (4 damage)
             ... on level 3 of the Dungeon.
             The game lasted 00:09:08 (2906 turns).

brightshaft the Magician (Gnoll Hedge Wizard)       Turns: 2906, Time: 00:09:09

Health: -1/44      AC:  7    Str: 10    XL:     6   Next: 1%
Magic:  8/16       EV: 12    Int: 21    God:    Vehumet [*.....]
Gold:   131        SH:  4    Dex: 11    Spells: 13/19 levels left

rFire   + . .      SeeInvis .   f - staff of cold
rCold   + . .      Faith    .   o - +0 buckler
rNeg    . . .      Spirit   .   d - +2 leather armour {rPois}
rPois   +          Reflect  .   r - +0 helmet
rElec   .          Harm     .   (no cloak)
rCorr   .          Rampage  .   j - +0 pair of gloves
Will    .....                   (no boots)
Stlth   ++........              (no amulet)
HPRegen 0.14/turn               h - ring of protection from fire
MPRegen 0.15/turn               p - +6 ring of intelligence

@: on blink cooldown
A: fangs 1, strong nose, distributed training
a: Renounce Religion


You were on level 3 of the Dungeon.
You worshipped Vehumet.
Vehumet was aware of your devotion.
You visited 1 branch of the dungeon, and saw 4 of its levels.

You collected 131 gold pieces.

Inventory:

Hand Weapons
 a - a +0 dagger
 l - a +0 spear
 m - a +2 hand axe of draining
Armour
 b - a +0 robe
 d - a +2 leather armour of poison resistance (worn)
 j - a +0 pair of gloves (worn)
 o - a +0 buckler (worn)
 r - a +0 helmet (worn)
Magical Staves
 f - a staff of cold (weapon)
Jewellery
 h - a ring of protection from fire (left hand)
 p - a +6 ring of intelligence (right hand)
 s - a +6 ring of strength
Scrolls
 c - a scroll of silence {unknown}
 g - a scroll of blinking {unknown}
 i - 2 scrolls of identify {unknown}
 k - a scroll of enchant armour {unknown}
 n - 2 scrolls of teleportation {unknown}
 q - a scroll of immolation {unknown}
Potions
 e - a potion of lignification {unknown}
 t - a potion of brilliance {unknown}
 u - a potion of curing


   Skills:
 + Level 1.8 Fighting
 + Level 1.8 Short Blades
 + Level 1.8 Long Blades
 + Level 1.8 Axes
 + Level 1.8 Maces & Flails
 + Level 1.8 Polearms
 + Level 1.8 Staves
 + Level 1.8 Ranged Weapons
 + Level 1.8 Throwing
 + Level 1.8 Armour
 + Level 4.9 Dodging
 + Level 4.5 Stealth
 + Level 1.8 Shields
 + Level 1.8 Unarmed Combat
 + Level 7.4 Spellcasting
 + Level 2.5 Conjurations
 + Level 1.4 Hexes
 + Level 2.5 Summonings
 + Level 1.4 Necromancy
 + Level 2.5 Translocations
 + Level 1.4 Transmutations
 + Level 1.4 Fire Magic
 + Level 1.4 Ice Magic
 + Level 1.4 Air Magic
 + Level 1.4 Earth Magic
 + Level 1.4 Poison Magic
 + Level 2.0 Invocations
 + Level 1.8 Evocations


You had 13 spell levels left.
You knew the following spells:

 Your Spells              Type           Power      Damage    Failure   Level
a - Magic Dart            Conj           72%        1d6       5%          1
b - Blink                 Tloc           36%        N/A       8%          2
c - Call Imp              Summ           18%        N/A       8%          2
d - Freeze                Ice            80%        1d9       9%          1

Your spell library contained the following spells:

 Spells                   Type           Power      Damage    Failure   Level
 Sandblast                Erth           26%        2d8       9%          1
 Slow                     Hex            52%        N/A       9%          1
 Passwall                 Tmut/Erth      10%        N/A       13%         2
 Conjure Flame            Conj/Fire      16%        6-21      21%         3
 Stone Arrow              Conj/Erth      32%        3d9       21%         3
 Mephitic Cloud           Conj/Pois/Air  15%        N/A       22%         3
 Ozocubu's Armour         Ice            20%        N/A       26%         3
 Ozocubu's Refrigeration  Ice            10%        4d9       100%        7


Dungeon Overview and Level Annotations

Branches:
Dungeon (4/15)
 Temple: D:4-7

Altars:
Makhleb
Vehumet

Shops:
D:2 *   D:3 ?([((

Annotations:
D:4 Eustachio


Innate Abilities, Weirdness & Mutations

You have very sharp teeth.
Your uncanny sense of smell can sniff out nearby items.
Your experience applies equally to all skills.


Message History

The ufetubus closely misses you.
The ufetubus hits you but does no damage. x2
The ufetubus attacks as you move away! The ufetubus misses you.
The ufetubus hits you but does no damage. x2
The ufetubus closely misses you. The ufetubus attacks as you move away!
The ufetubus misses you. x2
You see here a quokka corpse.
The ufetubus misses you.
The ufetubus hits you but does no damage.
The shadow imp sputters.
There is a stone staircase leading up here.
You block the ufetubus's attack. The ufetubus hits you.
* * * LOW HITPOINT WARNING * * *
You climb upwards.
There is a stone staircase leading down here.
Aiming: Freeze (safe; 9% risk of failure)
Press: ? - help, Q - select action, (/) - cycle Shift-Dir - straight line, f - ufetubus
Aim: an ufetubus You feel a surge of power!
You freeze the ufetubus.
The ufetubus resists.
The ufetubus is moderately wounded.
The ufetubus closely misses you. The ufetubus hits you.
* * * LOW HITPOINT WARNING * * *
The ufetubus closely misses you. The ufetubus hits you.
* * * LOW HITPOINT WARNING * * *
Casting: Freeze (safe; 9% risk of failure)
Confirm with . or Enter, or press ? or * to list all spells.
You blink.
Casting: Blink (safe; 8% risk of failure)
Confirm with . or Enter, or press ? or * to list all spells.
You are still too unstable to blink.
Casting: Blink (safe; 8% risk of failure)
Confirm with . or Enter, or press ? or * to list all spells.
Aiming: Magic Dart (safe; 5% risk of failure)
Press: ? - help, Shift-Dir - straight line, f/p - ufetubus
Aim: an ufetubus (moderately wounded, 100% to hit)
The magic dart hits the ufetubus.
The ufetubus is severely wounded.
The ufetubus completely misses you. You block the ufetubus's attack.
The ufetubus hits you.
You die...

.#.# .#.# .#.# ##.#
...# #### #
############ #
#......@5.ยง# ###
#.########.# ..#
#......).#.# #.#
########.#.# #.#
#.#.# #.#
###########.#.# #.#
#...........#.#
#.#################.#
#.#.......# #.....#


You could see an ufetubus.

Vanquished Creatures
  An orc priest (D:3)
  An orc wizard (D:3)
  An adder (D:3)
  An ufetubus (D:4)
  A worm (D:2)
  4 dart slugs
  3 orcs
  5 ball pythons
  3 endoplasms (D:1)
  4 giant cockroaches
  9 goblins
  3 hobgoblins
  2 quokkas
  4 bats
  4 frilled lizards
  5 kobolds
  4 rats
55 creatures vanquished.

Vanquished Creatures (collateral kills)
  An ogre (D:4)
  2 dart slugs
  An orc (D:3)
4 creatures vanquished.

Grand Total: 59 creatures vanquished

Notes
Turn   | Place    | Note
-------+----------+-------------------------------------------
     0 | D:1      | brightshaft the Gnoll Hedge Wizard began the quest for the
                  | Orb.
     0 | D:1      | Reached XP level 1. HP: 13/13 MP: 8/8
   163 | D:1      | Reached XP level 2. HP: 19/19 MP: 5/10
   332 | D:1      | Learned a level 2 spell: Blink
   335 | D:1      | Learned a level 2 spell: Call Imp
   635 | D:1      | Reached XP level 3. HP: 25/25 MP: 6/11
   989 | D:2      | Found a faded altar of an unknown god.
   992 | D:2      | Reached skill level 1 in Invocations
  1158 | D:2      | Prayed at the altar of an unknown god.
  1158 | D:2      | Became a worshipper of Vehumet
  1158 | D:2      | Reached * piety under Vehumet
  1158 | D:2      | Offered knowledge of Freeze by Vehumet.
  1161 | D:2      | Learned a level 1 spell: Freeze
  1304 | D:2      | Reached skill level 1 in Fighting
  1304 | D:2      | Reached skill level 1 in Short Blades
  1304 | D:2      | Reached skill level 1 in Long Blades
  1304 | D:2      | Reached skill level 1 in Axes
  1304 | D:2      | Reached skill level 1 in Maces & Flails
  1304 | D:2      | Reached skill level 1 in Polearms
  1304 | D:2      | Reached skill level 1 in Staves
  1304 | D:2      | Reached skill level 1 in Ranged Weapons
  1304 | D:2      | Reached skill level 1 in Throwing
  1304 | D:2      | Reached skill level 1 in Armour
  1304 | D:2      | Reached skill level 1 in Shields
  1304 | D:2      | Reached skill level 1 in Unarmed Combat
  1304 | D:2      | Reached skill level 1 in Evocations
  1410 | D:2      | Found Huagoxt's Assorted Antiques.
  1447 | D:3      | Found Bekolupn's Weapon Emporium.
  1455 | D:3      | Found Plog's Magic Scroll Emporium.
  1582 | D:3      | Found Elishulo's Antique Weapon Shop.
  1664 | D:3      | Found a burning altar of Makhleb.
  1667 | D:3      | Found Wahav's Antique Armour Shoppe.
  1738 | D:3      | Reached skill level 1 in Hexes
  1738 | D:3      | Reached skill level 1 in Necromancy
  1738 | D:3      | Reached skill level 1 in Transmutations
  1738 | D:3      | Reached skill level 1 in Fire Magic
  1738 | D:3      | Reached skill level 1 in Ice Magic
  1738 | D:3      | Reached skill level 1 in Air Magic
  1738 | D:3      | Reached skill level 1 in Earth Magic
  1738 | D:3      | Reached skill level 1 in Poison Magic
  1738 | D:3      | Reached XP level 4. HP: 4/32 MP: 11/13
  2176 | D:3      | Reached XP level 5. HP: 37/37 MP: 12/14
  2222 | D:3      | Found Sipidayn's Antique Weapon Emporium.
  2874 | D:4      | Noticed an ogre
  2880 | D:4      | Noticed Eustachio
  2883 | D:4      | Killed an ogre
  2884 | D:4      | Reached XP level 6. HP: 31/44 MP: 8/16
  2904 | D:3      | HP: 2/44 [ufetubus (3)]
  2906 | D:3      | Slain by an ufetubus

Illustrated notes

Levels and vault maps discovered:
D:1:      ncdulo_wetmaze, layout_basic
D:2:      layout_rooms, chequers_ecumenical_altar_simple, serial_shops,
          nicolae_shop_crystal
D:3:      layout_basic, overflow_temple_1_default, serial_shops, shop,
          nicolae_lakefront_shop, nicolae_shop_stone, shop, shop,
          bh_walls_and_bars
D:4:      layout_loops_ring, uniq_eustachio

Skill      XL: |  1  2  3  4  5 |
---------------+----------------+-----
Conjurations   | 2 |  2.5
Summonings     | 2 |  2.5
Translocations | 2 |  2.5
Invocations    | 1 2 |  2.0
Fighting       | 1 |  1.8
Short Blades   | 1 |  1.8
Long Blades    | 1 |  1.8
Axes           | 1 |  1.8
Maces & Flails | 1 |  1.8
Polearms       | 1 |  1.8
Staves         | 1 |  1.8
Ranged Weapons | 1 |  1.8
Throwing       | 1 |  1.8
Armour         | 1 |  1.8
Shields        | 1 |  1.8
Unarmed Combat | 1 |  1.8
Evocations     | 1 |  1.8
Hexes          | 1 |  1.4
Necromancy     | 1 |  1.4
Transmutations | 1 |  1.4
Fire Magic     | 1 |  1.4
Ice Magic      | 1 |  1.4
Air Magic      | 1 |  1.4
Earth Magic    | 1 |  1.4
Poison Magic   | 1 |  1.4
Dodging        | |  4.9
Stealth        | |  4.5
Spellcasting   | |  7.4

Action                   |  1- 3 |  4- 6 || total
-------------------------+-------+-------++-------
Melee: Spear             |    29 |       ||    29
       Bite              |     3 |     3 ||     6
       Staff             |     2 |    28 ||    30
       Punch             |     1 |       ||     1
 Cast: Magic Dart        |    68 |     1 ||    69
       Freeze            |     6 |    33 ||    39
       Call Imp          |     2 |     1 ||     3
       Blink             |       |     1 ||     1
  Use: Potion            |     1 |     2 ||     3
 Stab: Sleeping          |     1 |       ||     1
Armor: Robe              |     5 |       ||     5
       Leather armour    |     1 |    31 ||    32
Dodge: Dodged            |    14 |    54 ||    68
Block: Buckler           |       |    15 ||    15
